 Dungeon Crawl Stone Soup version 0.21-a0-442-g848f44b (webtiles) character file.

112 KristoblXynda the Sneak (level 4, -5/21 HPs)
             Began as a Spriggan Enchanter on Nov 12, 2017.
             Slain by tof's ghost (10 damage)
             ... in a sewer.
             The game lasted 00:04:23 (2629 turns).

KristoblXynda the Sneak (Spriggan Enchanter)        Turns: 2629, Time: 00:04:24

Health: -5/21      AC:  3    Str:  5    XL:     4   Next: 63%
Magic:  2/11       EV: 18    Int: 16    God:
Gold:   65         SH:  0    Dex: 16    Spells: 5/11 levels left

rFire    . . .     SeeInvis +   a - +1 dagger
rCold    . . .     Gourm    .   (shield restricted)
rNeg     . . .     Faith    .   b - +0 robe
rPois    .         Spirit   .   (helmet restricted)
rElec    +         Reflect  .   k - +0 cloak
rCorr    .         Harm     .   (gloves unavailable)
MR       .....                  (boots unavailable)
Stlth    +++.......             (no amulet)
HPRegen  0.07/turn              (no ring)
MPRegen  0.12/turn              (no ring)

@: hasted, very quick
A: unfitting armour, see invisible, herbivore 3, speed 3, electricity
resistance, slow metabolism 2, wild magic 1
a: no special abilities


You were in a sewer.
You were hungry.

You visited 1 branch of the dungeon, and saw 3 of its levels.
You also visited: Sewer.

You collected 65 gold pieces.

Inventory:

Hand Weapons
 a - a +1 dagger (weapon)
Armour
 b - a +0 robe (worn)
 k - a +0 cloak (worn)
Jewellery
 g - a cursed ring of teleportation
Scrolls
 f - 2 scrolls of remove curse
 h - a scroll of teleportation
Potions
 e - a potion of haste
Books
 c - a book of Maledictions

   Spells                             Type                      Level
   a - Corona                         Hexes                        1
   b - Ensorcelled Hibernation        Hexes/Ice                    2
   c - Confuse                        Hexes                        3
   d - Tukima's Dance                 Hexes                        3
   e - Dazzling Spray                 Conjuration/Hexes            3
Comestibles
 d - 2 bread rations
 i - 2 royal jellies
 o - 3 fruits


   Skills:
 - Level 1.1 Short Blades
 - Level 3.0 Dodging
 + Level 6.1 Stealth
 + Level 4.1 Spellcasting
 + Level 4.8 Hexes


You had 5 spell levels left.
You knew the following spells:

 Your Spells              Type           Power        Failure   Level  Hunger
a - Corona                Hex            ###....      4%          1    None
b - Confuse               Hex            ###.....     11%         3    ###....
c - Ensorcelled Hibernat  Hex/Ice        ##....       14%         2    ##.....


Dungeon Overview and Level Annotations

Branches:
Dungeon (3/15)

Altars:
Elyvilon
Fedhas
Xom
Zin

Annotations:
Sewer Purgy; tof's ghost, amateur DsGl


Innate Abilities, Weirdness & Mutations

You are very small and have problems with some larger weapons.
You are too small for most types of armour.
You have supernaturally acute eyesight. (SInv)
You are a herbivore.
You cover ground extremely quickly.
You need consume almost no food.
You are resistant to electric shocks. (rElec)
Your spells are a little harder to cast, but a little more powerful.


Message History

Press: ? - help, Shift-Dir - straight line, f/p - tof's ghost
Aim: tof's ghost (chance to defeat MR: 36%) Tof's ghost easily resists.
You are feeling hungry.
Purgy the Meek comes into view.
Found a gate leading back out of this place.
Found 2 potions of haste.
There is a gate leading back out of this place here.
Your extra speed is starting to run out.
You see here 2 potions of haste.
e - 2 potions of haste
There is a gate leading back out of this place here.
There are monsters nearby!
Tof's ghost lets out a mournful wail.
You feel as though your hastened speed will last longer.
You barely miss tof's ghost.
Purgy clenches his claws.
You hit tof's ghost but do no damage. Tof's ghost misses you.
You hit tof's ghost but do no damage. Tof's ghost hits you!
You die...

#...bb..†..≈≈≈≈≈.∩
#.#######...≈≈≈...
#.# ##...≈...# #.#
##.....## #T#
####### #b# #b#
#W# #@# #.# #.#
###


You could see Purgy, tof's ghost and 2 bats.

Vanquished Creatures
  Terence (D:2)
  3 adders
  A river rat (D:3)
  2 worms (D:2)
  2 dart slugs (D:1)
  A leopard gecko (D:1)
  7 bats
  5 giant cockroaches
  A goblin (D:1)
  3 hobgoblins
  5 jackals (D:1)
  2 frilled lizards
  3 kobolds
  3 rats (D:3)
39 creatures vanquished.

Notes
Turn   | Place    | Note
-------+----------+-------------------------------------------
     0 | D:1      | KristoblXynda the Spriggan Enchanter began the quest for the Orb.
     0 | D:1      | Reached XP level 1. HP: 9/9 MP: 5/5
   184 | D:1      | Reached XP level 2. HP: 13/13 MP: 7/7
   290 | D:1      | Reached skill level 5 in Stealth
   802 | D:1      | Reached XP level 3. HP: 9/16 MP: 8/8
  1392 | D:2      | Noticed Terence
  1403 | D:2      | Learned a level 3 spell: Confuse
  1406 | D:2      | Learned a level 2 spell: Ensorcelled Hibernation
  1413 | D:2      | Killed Terence
  1486 | D:2      | Found a blossoming altar of Fedhas.
  1488 | D:2      | Found a shimmering altar of Xom.
  1488 | D:2      | Found a blossoming altar of Fedhas.
  1490 | D:2      | Found a glowing golden altar of the Shining One.
  1490 | D:2      | Found a glowing silver altar of Zin.
  1490 | D:2      | Found a white marble altar of Elyvilon.
  1569 | D:2      | Reached XP level 4. HP: 20/21 MP: 7/10
  2193 | D:3      | Found a glowing drain.
  2432 | D:3      | Gained mutation: Your spells are a little harder to cast, but a little more powerful. [potion of mutation]
  2432 | D:3      | Gained mutation: You are resistant to electric shocks. (rElec) [potion of mutation]
  2467 | D:3      | Reached skill level 6 in Stealth
  2565 | Sewer    | Entered a sewer
  2565 | Sewer    | Noticed tof's ghost (amateur DsGl)
  2606 | Sewer    | Noticed Purgy
  2629 | Sewer    | Slain by tof's ghost

Vault maps used:
D:1:      dpeg_arrival_court
D:2:      doesnt_xom_only_xom, first_bread, uniq_terence
D:3:      eat_drink_and_be_merry_uskayaw, lemuel_round_altar,
          gammafunk_temple_overflow_elements, portal_sewer_entry_c,
          patterned_corridor
Sewer:    sewer_big_baddie

Skill      XL: |  1  2  3  4 |
---------------+-------------+-----
Spellcasting   | 3 4 |  4.1
Stealth        | 5 6 |  6.1
Hexes          | 4 |  4.8
Short Blades   | |  1.1
Dodging        | |  3.0

Action                   |  1- 3 |  4- 6 || total
-------------------------+-------+-------++-------
Melee: Dagger            |    89 |   101 ||   190
 Cast: Ensorcelled Hiber |     1 |    11 ||    12
       Confuse           |       |     5 ||     5
  Use: Potion            |       |     7 ||     7
       Scroll            |       |     4 ||     4
 Stab: Sleeping          |    16 |     5 ||    21
       Confused          |       |     1 ||     1
Armor: Robe              |     8 |    11 ||    19
       Skin              |       |    13 ||    13
Dodge: Dodged            |    66 |   105 ||   171

Table legend:
 A = Spawn XP
 B = Non-spawn XP
 C = Spawn XP percentage of total XP
 D = Spawn monster count
 E = Non-spawn monster count
 F = Spawn count percentage of total count
 G = Total turns spent on level
                    A         B        C        D         E        F      G
               +---------+---------+-------+---------+---------+-------+---------
         Total |       0 |     160 |   0.0 |       0 |      39 |   0.0 |  2629
               +---------+---------+-------+---------+---------+-------+---------
           D:1 |       0 |      42 |   0.0 |       0 |      20 |   0.0 |  1391
           D:2 |       0 |      66 |   0.0 |       0 |       8 |   0.0 |   798
           D:3 |       0 |      46 |   0.0 |       0 |       8 |   0.0 |   376
         Sewer |       0 |       6 |   0.0 |       0 |       3 |   0.0 |    64
               +---------+---------+-------+---------+---------+-------+---------
